 Dungeon Crawl Stone Soup version 0.29.0-4-gdea44cf6ec (webtiles) character file.

Game seed: 17187240127794758066

198 qw the Chopper (level 5, 0/30 HPs)
             Began as a Tengu Warper on Aug 28, 2022.
             Slain by Grinder (2 damage)
             ... on level 3 of the Dungeon.
             The game lasted 00:00:16 (3764 turns).

qw the Chopper (Tengu Warper)                       Turns: 3764, Time: 00:00:17

Health: 0/30       AC:  3    Str: 13    XL:     5   Next: 77%
Magic:  9/9        EV: 14    Int: 14    God:
Gold:   102        SH:  0    Dex: 13    Spells: 8/8 levels left

rFire   . . .      SeeInvis .   Y - +0 hand axe
rCold   . . .      Faith    .   (no shield)
rNeg    . . .      Spirit   .   b - +0 leather armour
rPois   .          Reflect  .   (helmet restricted)
rElec   .          Harm     .   (no cloak)
rCorr   .          Rampage  .   (no gloves)
Will    .....                   (boots unavailable)
Stlth   +.........              (no amulet)
HPRegen 0.10/turn               (no ring)
MPRegen 0.11/turn               (no ring)

@: flying quickly and evasively, quick
A: beak, talons 3, nimble flight
a: no special abilities


You were on level 3 of the Dungeon.
You visited 1 branch of the dungeon, and saw 3 of its levels.

You collected 102 gold pieces.


Innate Abilities, Weirdness & Mutations

You have a beak for a mouth.
You have claws for feet.
Your magical nature lets you fly swiftly and evasively.


   Skills:
 - Level 2.0 Fighting
 + Level 6.4 Axes
 - Level 1.0 Throwing
 - Level 1.1 Armour
 - Level 2.1 Dodging
 - Level 2.0 Spellcasting
 - Level 2.4 Translocations


You had 8 spell levels left.
You didn't know any spells.
Your spell library contained the following spells:

 Spells                   Type           Power      Damage    Failure   Level
 Blink                    Tloc           16%        N/A       17%         2
 Gell's Gravitas          Tloc           8%         N/A       34%         3
 Lesser Beckoning         Tloc           8%         N/A       34%         3
 Teleport Other           Tloc           8%         N/A       34%         3
 Manifold Assault         Tloc           8%         N/A       97%         5

Inventory:

Hand Weapons
 a - a +0 mace
 Y - a +0 hand axe (weapon)
Armour
 b - a +0 leather armour (worn)
Scrolls
 e - 2 scrolls of identify
Potions
 c - a potion of degeneration {unknown}
 d - a potion of heal wounds {unknown}

Dungeon Overview and Level Annotations

Branches:
Dungeon (3/15)

Altars:
Xom

Shops:
D:1 =

Annotations:
D:2 1 runed translucent door, Crazy Yiuf
D:3 Grinder


Message History

a +0 whip; a gnoll corpse You see here a +0 falchion.
Grinder blinks!
You closely miss Grinder. You peck Grinder.
Grinder is lightly wounded.
Grinder hits you!
You writhe in agony.
You hit Grinder but do no damage. You claw Grinder.
Grinder is lightly wounded.
Grinder hits you!
You writhe in agony.
You hit Grinder. Your kick misses Grinder. Your peck misses Grinder.
Grinder is moderately wounded.
Grinder blinks!
You start resting.
Grinder is nearby!
3756 ||| Stepping ~*~*~tactically~*~*~ (hiding).
3757 ||| Stepping ~*~*~tactically~*~*~ (hiding).
A gnoll comes into view. It is wielding a +0 club.
3758 ||| Stepping ~*~*~tactically~*~*~ (hiding).
You slash Grinder! Your peck misses Grinder.
Grinder is moderately wounded.
Grinder barely misses you.
You hit Grinder but do no damage.
Grinder is moderately wounded.
You hit the gnoll but do no damage. Grinder gestures at you.
Pain shoots through your body!
A gnoll comes into view. It is wielding a +0 whip.
The gnoll hits you with a +0 club.
You barely miss Grinder.
Grinder is moderately wounded.
You hit the gnoll.
Grinder blinks!
The gnoll barely misses you.
You barely miss Grinder. You claw Grinder.
Grinder is heavily wounded.
You hit the gnoll. You hit Grinder. Your kick misses Grinder.
Grinder is heavily wounded.
You hit the gnoll. The gnoll hits you but does no damage. Grinder hits you.
You die...

#.....# ......#
#...g.# #.....#
+.....# ##.....#
#.g¤...#
#######.@#'#
.......5...#
...........#
...........#
.......#####)#
#.####.#####)####
#..###..........###
........+#..........
~~~~~~~%<........##.


You could see Grinder and 2 gnolls.

Vanquished Creatures
  Natasha (thrice) (D:2)
  2 gnolls
  5 adders
  2 worms (D:2)
  A dart slug (D:2)
  5 ball pythons
  2 bats (D:1)
  8 endoplasms
  5 giant cockroaches
  6 goblins
  4 hobgoblins
  A quokka (D:3)
  2 frilled lizards (D:1)
  A kobold (D:1)
  7 rats
54 creatures vanquished.

Vanquished Creatures (others)
  2 fungi (D:2)
  10 plants (D:2)
12 creatures vanquished.

Grand Total: 66 creatures vanquished

Notes
Turn   | Place    | Note
-------+----------+-------------------------------------------
     0 | D:1      | qw the Tengu Warper began the quest for the Orb.
     0 | D:1      | Reached XP level 1. HP: 12/12 MP: 4/4
     0 | D:1      | 0 ||| qw: Version: 0.1-a-89-g26bdef1
     0 | D:1      | 0 ||| qw: Game counter: 1229
     0 | D:1      | 0 ||| qw: Always use a shield: true
     0 | D:1      | 0 ||| qw: God list: Okawaru
     0 | D:1      | 0 ||| qw: Allow faded altars: false
     0 | D:1      | 0 ||| qw: Do Orc after D:15 true
     0 | D:1      | 0 ||| qw: Do second Lair branch before Depths: true
     0 | D:1      | 0 ||| qw: Lair rune preference: random
     0 | D:1      | 0 ||| qw: Plans: Normal
     0 | D:1      | 0 ||| PLANNING D:1-11
    84 | D:1      | 84 ||| Stepping ~*~*~tactically~*~*~ (stealth).
    85 | D:1      | 85 ||| Stepping ~*~*~tactically~*~*~ (stealth).
    89 | D:1      | Reached XP level 2. HP: 17/17 MP: 6/6
   101 | D:1      | Reached skill level 3 in Axes
   110 | D:1      | 110 ||| READING scroll labelled PONUWKAENA.
   132 | D:1      | 132 ||| Stepping ~*~*~tactically~*~*~ (stealth).
   133 | D:1      | 133 ||| Stepping ~*~*~tactically~*~*~ (stealth).
   135 | D:1      | 135 ||| Stepping ~*~*~tactically~*~*~ (stealth).
   136 | D:1      | 136 ||| Stepping ~*~*~tactically~*~*~ (stealth).
   141 | D:1      | 141 ||| Stepping ~*~*~tactically~*~*~ (stealth).
   145 | D:1      | 145 ||| Stepping ~*~*~tactically~*~*~ (stealth).
   145 | D:1      | Found Aviejyimn's Jewellery Shoppe.
   146 | D:1      | 146 ||| Stepping ~*~*~tactically~*~*~ (stealth).
   147 | D:1      | 147 ||| Stepping ~*~*~tactically~*~*~ (stealth).
   260 | D:1      | 260 ||| SHOPLISTING +4 ring of protection (396 gold, have
                  | 45).
   260 | D:1      | 260 ||| SHOPLISTING amulet "Leevos" {Spirit Int+3} (476
                  | gold, have 45).
   260 | D:1      | 260 ||| SHOPLISTING amulet of guardian spirit (330 gold,
                  | have 45).
   260 | D:1      | 260 ||| SHOPLISTING amulet of regeneration (330 gold, have
                  | 45).
   260 | D:1      | 260 ||| SHOPLISTING amulet of the acrobat (330 gold, have
                  | 45).
   260 | D:1      | 260 ||| SHOPLISTING ring of protection from cold (275 gold,
                  | have 45).
   260 | D:1      | 260 ||| SHOPLISTING ring of protection from fire (275 gold,
                  | have 45).
   260 | D:1      | 260 ||| SHOPLISTING ring of see invisible (165 gold, have
                  | 45).
   474 | D:1      | Reached XP level 3. HP: 6/21 MP: 7/7
   769 | D:1      | Reached skill level 4 in Axes
  1042 | D:1      | 1042 ||| READING scroll labelled HERUENNAFEUSO.
  1043 | D:1      | 1043 ||| READING scroll labelled BOMUOTYTAK.
  1044 | D:1      | 1044 ||| READING scroll labelled JAOSEIVIDER.
  1045 | D:1      | 1045 ||| DROPPING scroll of blinking.
  1151 | D:2      | Found a shimmering altar of Xom.
  1187 | D:2      | Reached XP level 4. HP: 26/26 MP: 8/8
  1217 | D:2      | 1217 ||| Stepping ~*~*~tactically~*~*~ (stealth).
  1386 | D:2      | Noticed Natasha
  1394 | D:2      | Killed Natasha
  1395 | D:2      | Reached skill level 5 in Axes
  2012 | D:2      | Found a faded altar of an unknown god.
  2047 | D:2      | 2047 ||| Stepping ~*~*~tactically~*~*~ (stealth).
  2049 | D:2      | 2049 ||| Stepping ~*~*~tactically~*~*~ (stealth).
  2093 | D:2      | Noticed Natasha
  2094 | D:2      | 2094 ||| FLEEEEING.
  2095 | D:2      | 2095 ||| FLEEEEING.
  2289 | D:2      | 2289 ||| Stepping ~*~*~tactically~*~*~ (hiding).
  2297 | D:2      | Killed Natasha
  2298 | D:2      | Gained mutation: Your magical nature lets you fly swiftly
                  | and evasively. [Tengu growth]
  2298 | D:2      | Reached XP level 5. HP: 17/30 MP: 9/9
  2611 | D:2      | Found a runed translucent door.
  2612 | D:2      | Noticed Crazy Yiuf
  2792 | D:2      | 2792 ||| DRINKING 2 bubbling orange potions.
  2893 | D:2      | 2893 ||| DROPPING potion of ambrosia.
  2932 | D:2      | Noticed Natasha
  2933 | D:2      | 2933 ||| Stepping ~*~*~tactically~*~*~ (stealth).
  3017 | D:2      | 3017 ||| Stepping ~*~*~tactically~*~*~ (stealth).
  3019 | D:2      | 3019 ||| Stepping ~*~*~tactically~*~*~ (hiding).
  3020 | D:2      | 3020 ||| Stepping ~*~*~tactically~*~*~ (hiding).
  3026 | D:2      | Killed Natasha
  3027 | D:2      | Reached skill level 6 in Axes
  3324 | D:3      | 3324 ||| STAIRDANCE
  3457 | D:3      | 3457 ||| STAIRDANCE
  3741 | D:3      | Noticed Grinder
  3742 | D:3      | 3742 ||| Stepping ~*~*~tactically~*~*~ (stealth).
  3753 | D:3      | HP: 7/30 [Grinder (5)]
  3756 | D:3      | 3756 ||| Stepping ~*~*~tactically~*~*~ (hiding).
  3757 | D:3      | 3757 ||| Stepping ~*~*~tactically~*~*~ (hiding).
  3758 | D:3      | 3758 ||| Stepping ~*~*~tactically~*~*~ (hiding).
  3761 | D:3      | HP: 5/30 [Grinder/nerve-wracking pain (3)]
  3761 | D:3      | HP: 2/30 [gnoll/+0 club (3)]
  3764 | D:3      | Slain by Grinder

Levels and vault maps discovered:
D:1:      moated_graveyard_arrival, layout_basic, serial_shops,
          nicolae_shop_window_shopping
D:2:      layout_loops_cross, basic_altar, nicolae_ecumenical_pavilion,
          glass_columns_c, minmay_statues_item, chequers_big_river,
          kennysheep_potato, uniq_crazy_yiuf_cottage, uniq_natasha
D:3:      layout_basic, mainiacjoe_overflow_catwalk_spiral,
          nicolae_hepliaklqana_ecumenical_no_more, general_overflow_altar,
          mainiacjoe_overflow_brackets, uniq_grinder

Skill      XL: |  1  2  3  4  5 |
---------------+----------------+-----
Axes           | 3 4 5 6 |  6.4
Fighting       | |  2.0
Throwing       | |  1.0
Armour         | |  1.1
Dodging        | |  2.1
Spellcasting   | |  2.0
Translocations | |  2.4

Action                   |  1- 3 |  4- 6 || total
-------------------------+-------+-------++-------
Melee: Hand axe          |    57 |    82 ||   139
       Kick              |    13 |    18 ||    31
       Peck              |     4 |    12 ||    16
       Punch             |     1 |     2 ||     3
Throw: Boomerang         |     7 |       ||     7
  Use: Scroll            |     4 |       ||     4
       Potion            |       |     1 ||     1
Armor: Leather armour    |    12 |     8 ||    20
Dodge: Dodged            |    18 |    43 ||    61

Table legend:
 A = Non-vault XP
 B = Vault XP
 C = Vault XP percentage of total XP
 D = Non-vault monster count
 E = Vault monster count
 F = Vault count percentage of total count
                 A         B        C        D         E       F
            +---------+---------+-------+---------+---------+-------
      Total |     242 |      42 |  14.8 |      51 |       3 |   5.6
            +---------+---------+-------+---------+---------+-------
        D:1 |      61 |       0 |   0.0 |      28 |       0 |   0.0
        D:2 |     150 |      42 |  21.9 |      19 |       3 |  13.6
        D:3 |      31 |       0 |   0.0 |       4 |       0 |   0.0
            +---------+---------+-------+---------+---------+-------
